 Dungeon Crawl Stone Soup version 0.17-a0-1435-geafbe2f (webtiles) character file.

259 panicbit the Shield-Bearer (level 5, -1/47 HPs)
             Began as a Minotaur Fighter on June 26, 2015.
             Was an Initiate of Okawaru.
             Slain by an orc
             ... wielding a +0 trident
              (5 damage)
             ... on level 3 of the Dungeon.
             The game lasted 00:13:27 (2175 turns).

panicbit the Shield-Bearer (Minotaur Fighter)       Turns: 2175, Time: 00:13:27

Health: -1/47      AC:  7    Str: 22    XL:     5   Next: 95%
Magic:  4/4        EV:  8    Int:  5    God:    Okawaru [......]
Gold:   135        SH: 10    Dex:  9    Spells: 0 memorised, 4 levels left

rFire  . . .     SeeInvis .     a - +0 war axe
rCold  . . .     Clarity  .     b - +0 scale mail
rNeg   . . .     SustAt   .     c - +0 shield
rPois  .         Gourm    +     (helmet restricted)
rElec  .         Spirit   .     (no cloak)
rCorr  .         Warding  .     (no gloves)
rMut   .         Stasis   .     (no boots)
MR     .....                    p - amulet of the gourmand
Stlth  ..........               (no ring)
                                (no ring)

@: not resistant to hostile enchantments, extremely unstealthy
A: retaliatory headbutt, horns 2
a: Renounce Religion


You were on level 3 of the Dungeon.
You worshipped Okawaru.
Okawaru was noncommittal.
You were not hungry.

You visited 1 branch of the dungeon, and saw 3 of its levels.

You collected 135 gold pieces.

Inventory:

Hand weapons
 a - a +0 war axe (weapon)
Armour
 b - a +0 scale mail (worn)
 c - a +0 shield (worn)
Jewellery
 p - an amulet of the gourmand (around neck)
Scrolls
 f - a scroll of enchant armour {unknown}
 j - 2 scrolls of identify {unknown}
 m - a scroll of immolation {unknown}
 r - a scroll of recharging {unknown}
 s - a scroll of magic mapping {unknown}
 t - 2 scrolls of remove curse {unknown}
Potions
 d - a potion of might
 g - a potion of magic {unknown}
 h - a potion of curing
 i - a potion of heal wounds {unknown}
 k - a potion of invisibility
 o - a potion of agility {unknown}
 q - a potion of mutation {unknown}
Comestibles
 e - 2 bread rations
 l - a beef jerky
 n - a meat ration


   Skills:
 + Level 4.7 Fighting
 + Level 4.1 Axes
 + Level 4.7 Armour
 + Level 2.4 Dodging
 + Level 5.0 Shields


You had 4 spell levels left.
You didn't know any spells.

Dungeon Overview and Level Annotations

Branches:
Dungeon (3/15)

Altars:
Dithmenos
Fedhas
Okawaru
Xom
Yredelemnul


Innate Abilities, Weirdness & Mutations

You reflexively headbutt those who attack you in melee.
You have a pair of horns on your head.


Message History

The orc priest utters an invocation to Beogh.
You feel troubled. You block the orc's attack. You block the orc's attack.
Your shield and scale mail prevent you from hitting the orc.
You headbutt the orc, but do no damage. The orc barely misses you.
You furiously retaliate!
You headbutt the orc!
You kill the orc!
Okawaru accepts your kill. The orc hits you but does no damage.
The orc priest invokes the aid of Beogh against you.
Something smites you!
* * * LOW HITPOINT WARNING * * *
The orc hits you with a trident.
* * * LOW HITPOINT WARNING * * *
You block the orc priest's attack.
Items here: )))))) [[ †† You hit the orc priest but do no damage.
Your headbutt misses the orc priest. You hit the orc.
The orc is heavily wounded.
The orc hits you with a trident.
You die...

#### ######.#. #....#.#^
## #.####... #.
#.##.'._. . #. #.#..#...
... #. #######.#.##.#.
.....#o###[......#.##.#.
.....=o@............####
##.#.###<.......##....#
.......#.##.......#
####################
........ ........
........ ........
........


You could see an orc priest and an orc.

Vanquished Creatures
  2 crimson imps (D:3)
  An orc wizard (D:3)
  8 adders
  An ooze (D:2)
  2 worms (D:2)
  6 orcs (D:3)
  A ball python (D:3)
  10 bats
  3 giant cockroaches
  5 goblins
  12 hobgoblins
  5 jackals (D:1)
  A quokka (D:2)
  5 giant newts
  6 kobolds
  10 rats
78 creatures vanquished.

Notes
Turn   | Place    | Note
--------------------------------------------------------------
     0 | D:1      | panicbit the Minotaur Fighter began the quest for the Orb.
     0 | D:1      | Reached XP level 1. HP: 19/19 MP: 0/0
   159 | D:1      | Reached XP level 2. HP: 27/27 MP: 1/1
   161 | D:1      | Reached skill level 4 in Shields
   455 | D:1      | Reached XP level 3. HP: 28/33 MP: 2/2
  1011 | D:2      | Reached skill level 1 in Dodging
  1019 | D:2      | Reached XP level 4. HP: 33/40 MP: 3/3
  1431 | D:2      | Found a basalt altar of Yredelemnul.
  1436 | D:2      | Found a shadowy altar of Dithmenos.
  1436 | D:2      | Found an iron altar of Okawaru.
  1499 | D:2      | Became a worshipper of Warmaster Okawaru
  1605 | D:3      | Reached XP level 5. HP: 45/47 MP: 4/4
  1644 | D:3      | Found a blossoming altar of Fedhas.
  1960 | D:3      | Found a shimmering altar of Xom.
  2118 | D:3      | Reached skill level 5 in Shields
  2175 | D:3      | Slain by an orc

Vault maps used:
D:1:      lightli_molten_gateway
D:2:      minitemple, item_on_display_a
D:3:      led_xom_imps, fedhas_altar_1

Action                   |  1- 3 |  4- 6 || total
-------------------------+-------+-------++-------
Melee: War axe           |    80 |    95 ||   175
  Use: Potion            |     2 |       ||     2
  Eat: Chunk             |     1 |     4 ||     5
